AoeStats
← :)

Oasis

507360260Analyzed
4v4 RM · 16d ago on Sep 17, 2026· 50m 33s· 8 players
Game mode
Random Map
Map size
Large (8 player)
Population
200
Speed
Normal
Resources
Standard
Victory
Conquest
Starting age
Dark Age
Ending age
Imperial Age
RankedLock teamsTeams togetherTeam positionsShared explorationLock speedFull tech treeHidden civsTurbo modeCheats
Victory
Defeat
🇲🇽 Maya · Mexico
1286
+15
🇧🇪 Khmer · Belgium
1282
+15
1222
+18
🇲🇽 Persians · Mexico
1212
+18
🇦🇷 Ethiopians · Argentina
1366
-20
🇮🇳 Khitans · India
1252
-16
🇨🇭 Burgundians · Switzerland
1222
-15
🇱🇹 Vikings · Lithuania
1217
-15
Pryda
11:06 Feudal Age
16:07 Castle Age
14:03 Horse Collar
14:32 Double-Bit Axe
30:20 Imperial Age
28:48 Wheelbarrow
27:59 Town Watch
28:00 Loom
29:13 Bow Saw
29:31 Bloodlines
29:21 Husbandry
30:28 Hand Cart
30:14 Town Patrol
35:45 Elite Ballista Elephant
36:45 Siege Engineers
37:00 Ballistics
38:34 Chemistry
40:01 Double Crossbow
50:08 Caravan
Fumbledore ¯\_(ツ)_/¯ ⛟♿
6:33 Loom
9:43 Feudal Age
11:05 Double-Bit Axe
11:06 Horse Collar
20:41 Castle Age
18:37 Gold Mining
20:41 Scale Barding Armor
21:55 Husbandry
22:12 Heavy Plow
23:46 Bow Saw
27:38 Bloodlines
27:44 Forging
31:54 Wheelbarrow
33:59 Imperial Age
32:31 Chain Barding Armor
33:25 Iron Casting
34:21 Hand Cart
33:40 Light Cavalry
35:46 Two-Man Saw
35:24 Gold Shaft Mining
34:31 Cavalier
37:21 Plate Barding Armor
37:47 Blast Furnace
37:00 Paladin
37:15 Hussar
38:22 Caravan
41:37 Chemistry
40:57 Ballistics
39:59 Heavy Cavalry Archer
41:06 Parthian Tactics
40:48 Thumb Ring
40:34 Fletching
40:45 Padded Archer Armor
Yoalliperro
0:33 Loom
11:03 Feudal Age
11:35 Double-Bit Axe
15:54 Horse Collar
17:27 Wheelbarrow
20:52 Castle Age
19:00 Gold Mining
19:21 Stone Mining
22:16 Bow Saw
22:10 Fletching
24:08 Stone Shaft Mining
23:29 Fletching
24:10 Bodkin Arrow
24:42 Hand Cart
27:46 Fortified Wall
31:31 Padded Archer Armor
35:54 Heavy Plow
36:22 Thumb Ring
37:37 Leather Archer Armor
42:16 Imperial Age
40:10 Scale Mail Armor
40:21 Forging
39:46 Pikeman
40:26 Squires
41:32 Chain Mail Armor
44:55 Chemistry
44:02 Bracer
43:24 Elite Plumed Archer
44:25 Conscription
43:47 Halberdier
45:03 Iron Casting
44:59 Ring Archer Armor
44:43 Caravan
45:59 Two-Man Saw
45:53 Crop Rotation
45:27 Eagle Warrior
46:39 Plate Mail Armor
47:10 Blast Furnace
46:42 Holcans
46:40 Elite Eagle Warrior
47:09 Elite Skirmisher
47:55 Hul'che Javelineers
50:54 Arson
luisignaciogh
4:43 Loom
11:53 Feudal Age
13:04 Wheelbarrow
15:48 Castle Age
15:06 Double-Bit Axe
22:43 Gold Mining
27:30 Man-at-Arms
28:33 Stone Mining
28:26 Horse Collar
35:04 Imperial Age
35:29 Kamandaran
36:24 Bow Saw
37:11 Fletching
37:31 Forging
39:00 Citadels
38:18 Crossbowman
39:03 Thumb Ring
39:58 Devotion
40:03 Murder Holes
40:06 Pikeman
41:12 Padded Archer Armor
41:36 Ballistics
42:42 Conscription
43:01 Husbandry
43:12 Bloodlines
43:38 Caravan
43:57 Heavy Camel Rider
45:12 Light Cavalry
47:21 Hussar
48:17 Scale Barding Armor
Dr.Greenthumb
6:54 Double-Bit Axe
8:18 Double-Bit Axe
9:16 Horse Collar
10:40 Wheelbarrow
12:32 Feudal Age
14:08 Gold Mining
15:46 Bow Saw
17:57 Castle Age
16:39 Scale Barding Armor
16:41 Heavy Plow
17:11 Forging
18:15 Cavalier
19:51 Loom
20:23 Husbandry
22:37 Gold Shaft Mining
24:26 Town Watch
27:25 Hand Cart
34:25 Stone Mining
38:39 Imperial Age
36:47 Chain Barding Armor
37:31 Stone Shaft Mining
39:31 Iron Casting
39:23 Paladin
46:16 Blast Furnace
47:26 Conscription
47:14 Burgundian Vineyards
48:35 Two-Man Saw
50:28 Plate Barding Armor
49:45 Fletching
Salvation
4:45 Loom
9:26 Feudal Age
10:16 Double-Bit Axe
13:25 Horse Collar
16:43 Fletching
21:34 Castle Age
20:13 Scale Mail Armor
21:03 Padded Archer Armor
21:43 Crossbowman
21:58 Pikeman
26:14 Bodkin Arrow
42:03 Imperial Age
42:08 Heavy Plow
43:31 Block Printing
43:28 Fervor
43:14 Onager
44:19 Gold Mining
46:07 Chemistry
49:41 Chain Mail Armor
49:36 Forging
SKULLBLAZER
7:50 Loom
9:59 Feudal Age
10:43 Double-Bit Axe
10:40 Domestication
17:34 Forging
23:22 Castle Age
21:28 Gold Mining
23:30 Wheelbarrow
26:55 Husbandry
29:10 Scale Barding Armor
29:42 Iron Casting
28:59 Light Cavalry
30:45 Chain Barding Armor
:)
7:16 Loom
10:00 Feudal Age
11:10 Double-Bit Axe
12:47 Horse Collar
17:09 Fletching
20:32 Wheelbarrow
24:00 Castle Age
22:10 Padded Archer Armor
22:56 Gold Mining
24:04 Crossbowman
24:41 Bodkin Arrow
24:14 Crossbowman
25:00 Thumb Ring
28:04 Leather Archer Armor
33:44 Bow Saw
33:36 Heavy Plow
34:12 Gold Shaft Mining
36:16 Imperial Age
33:59 Stone Mining
37:12 Hand Cart
36:40 Arbalester
37:52 Ballistics
38:49 Bracer
39:19 Ring Archer Armor
40:35 Chemistry
41:00 Ring Archer Armor
45:00 Two-Man Saw
Connection lost

Rejoining the realm…

Still unreachable

The connection could not be restored.

Session expired

The server has moved on; the page needs a fresh start.